 Dungeon Crawl Stone Soup version 0.19.5 (webtiles) character file.

209815 Inarius the Warrior (level 18, -3/168 HPs)
             Began as a Minotaur Fighter on May 10, 2017.
             Was the Champion of Nemelex Xobeh.
             Shot with an arrow by a deep elf master archer (13 damage)
             ... on level 3 of the Elven Halls on May 11, 2017.
             The game lasted 02:50:15 (33492 turns).

Inarius the Warrior (Minotaur Fighter)             Turns: 33492, Time: 02:50:17

Health: -3/168     AC: 35    Str: 29    XL:     18   Next: 16%
Magic:  27/27      EV: 11    Int:  7    God:    Nemelex Xobeh [******]
Gold:   2050       SH: 10    Dex: 16    Spells: 2 memorised, 13 levels left

rFire  . . .     SeeInvis .     T - +9 scimitar (freeze)
rCold  + + .     Gourm    .     l - +10 plate armour
rNeg   . . .     Faith    .     b - +2 buckler
rPois  .         Spirit   .     (helmet restricted)
rElec  .         Reflect  .     L - +1 cloak {+Inv}
rCorr  .         Harm     .     M - +0 pair of gloves of Serendipity {rC+}
MR     +++..     Rnd*Rage +     (no boots)
Stlth  ..........               D - amulet of regeneration
                                G - +3 ring of strength
                                j - +3 ring of dexterity

@: exhausted, very slightly contaminated, hasted and slowed, drained, invisible
A: retaliatory headbutt, horns 2, icy blue scales 1, thin metallic scales 1,
berserk 1, clever 1, cold resistance 1, magic resistance 2, slow regeneration 1,
MP-powered wands, sturdy frame 1
a: Triple Draw, Deal Four, Stack Five, Renounce Religion
}: 1/15 runes: barnacled


You were on level 3 of the Elven Halls.
You worshipped Nemelex Xobeh.
Nemelex Xobeh was exalted by your worship.
You were hungry.

You visited 5 branches of the dungeon, and saw 27 of its levels.
You also visited: Ice Cave and Wizlab.

You collected 2747 gold pieces.
You spent 697 gold pieces at shops.

Inventory:

Hand Weapons
 m - a +5 scimitar of flaming
 T - a +9 scimitar of freezing (weapon)
Armour
 b - a +2 buckler (worn)
 l - a +10 plate armour (worn)
 L - a +1 cloak of invisibility (worn)
 M - the +0 pair of gloves of Serendipity (worn) {rC+}
   (You acquired it on level 3 of the Shoals)

   It protects you from cold.
Jewellery
 j - a +3 ring of dexterity (left hand)
 D - an amulet of regeneration (around neck)
 G - a +3 ring of strength (right hand)
Wands
 a - a wand of digging (9/24)
 t - a wand of flame (27/48)
 J - a wand of flame (4/48)
Scrolls
 k - a scroll of torment
 p - 9 scrolls of fear
 r - 4 scrolls of blinking
 w - 5 scrolls of teleportation
 x - 6 scrolls of remove curse
 y - 5 scrolls of fog
 E - 5 scrolls of magic mapping
 O - a scroll of recharging
 P - 2 scrolls of holy word
 S - 2 scrolls of immolation
 Z - a scroll of identify
Potions
 d - 3 potions of ambrosia
 e - a potion of cure mutation
 g - 5 potions of curing
 i - a potion of agility
 s - a potion of might
 z - 3 potions of cancellation
 K - 3 potions of haste
 N - a potion of flight
 Q - a potion of berserk rage
 V - 4 potions of resistance
Miscellaneous
 c - a legendary deck of escape {drawn: 8}
 h - an ornate deck of destruction
 n - an ornate deck of summoning {drawn: 1}
 q - an ornate deck of summoning
 B - a phantom mirror
 C - a legendary deck of destruction {drawn: 3} (quivered)
 H - a plain deck of destruction {drawn: 2}
 I - a legendary deck of destruction
 R - an ornate deck of escape
 U - a legendary deck of summoning
 X - an ornate deck of destruction
Comestibles
 f - 18 bread rations
 o - 14 meat rations
 A - 2 slices of pizza
 F - 43 fruits


   Skills:
 + Level 16.5(16.0) Fighting
   Level 5.2(11.0) Short Blades
 + Level 16.5(16.4) Long Blades
   Level 11.3(11.6) Axes
   Level 6.9(9.7) Maces & Flails
 + Level 16.0(15.5) Armour
 + Level 4.8(4.4) Dodging
 + Level 2.2(1.9) Stealth
 + Level 16.0(15.5) Shields
 * Level 13.9(13.5) Invocations


You had 13 spell levels left.
You knew the following spells:

 Your Spells              Type           Power        Failure   Level  Hunger
a - Blink                 Tloc           N/A          100%        2    ###....
b - Repel Missiles        Chrm/Air       #.....       100%        2    ###....


Dungeon Overview and Level Annotations

Branches:
Dungeon (12/15)            Temple (0/1) D:5            Lair (6/6) D:11
 Shoals (4/4) Lair:4        Snake (0/4) Lair:2        Slime (0/5) Lair:6
    Orc (2/2) D:12            Elf (3/3) Orc:2

Altars:
Dithmenos
Elyvilon
Gozag
Kikubaaqudgha
Makhleb
Nemelex Xobeh
Ru
Sif Muna
Trog
Yredelemnul
The Shining One
Beogh

Shops:
D:5 ?*(*   D:6 :   D:8 }   D:9 (   D:10 *[[[   Orc:2 ?*(!}(   Shoals:3 %*
Shoals:4 (

Portals:
Pandemonium: Orc:2


Innate Abilities, Weirdness & Mutations

You reflexively headbutt those who attack you in melee.
You have a pair of horns on your head.
You are partially covered in icy blue scales. (AC +2)
You are partially covered in thin metallic scales. (AC +2)
You tend to lose your temper in combat.
Your mind is acute. (Int +2)
Your flesh is cold resistant. (rC+)
You are highly resistant to hostile enchantments. (MR++)
You regenerate slowly when monsters are visible.
You expend magic power (3 MP) to strengthen your wands.
Your movements are slightly less encumbered by armour. (ER -2)


Message History

The deep elf sorcerer casts a spell at you.
The sphere of damnation explodes!
The damnation engulfs you!
* * * LOW HITPOINT WARNING * * *
The deep elf master archer shoots an arrow.
The arrow hits the deep elf blademaster!!
You feel better.
The deep elf blademaster hits you but does no damage. x2
The deep elf master archer shoots an arrow.
The arrow hits the deep elf blademaster!!
The deep elf master archer shoots an arrow.
The arrow hits the deep elf blademaster!!
The deep elf blademaster dies!
Evoke which item? (* to show all) (? for menu, Esc to quit)
You draw a card...
It is the Cloud.
Clouds appear around you!
The deep elf sorcerer gestures at you while chanting.
You resist with almost no effort.
The deep elf master archer shoots an arrow.
The arrow hits you!
You die...
Your body glows with a rainbow of weird colours and disappears.

.................................
.............(...................
...........)..................≈≈≈
............................≈≈≈≈≈
≈≈≈≈≈≈≈≈≈≈≈≈≈≈≈≈≈≈≈≈≈≈≈≈≈≈≈≈≈≈###
≈≈≈≈≈≈≈≈≈≈≈≈≈≈≈≈≈≈≈≈≈≈≈≈≈≈≈≈≈##..
##############################%..
.......eee§§§§.......)......#....
.....e...e§§e§()@.[.....)...'...8
#'################'######'###....
#..E.E....'...........'.....##...
#eeeEe....#...........#......##..
'....eE...#...........#.......##'
######.e..##################...#.
#.#e## #...#. ###.# #...#. #.#
#...#.


You could see a deep elf master archer, a deep elf sorcerer and a deep elf
elementalist.

Vanquished Creatures
  An ancient lich (Elf:3)
  A juggernaut (Lair:2)
  Rupert (Lair:4)
  Frances (Shoals:1)
  Roxanne (Elf:2)
  Ilsuiw (Shoals:4)
  2 frost giants
  2 deep elf sorcerers
  A large abomination (Elf:1)
  Nessos (Lair:4)
  2 deep elf demonologists
  2 deep elf annihilators
  2 merfolk javelineers
  A fire dragon (shapeshifter) (Elf:3)
  An ettin (Shoals:3)
  2 deep elf death magi
  The ghost of Azzok the Marksminotaur, a journeyman MiBe of Trog (D:11)
  6 merfolk impalers
  A deep elf high priest (Elf:1)
  2 hydras
  2 fire dragons (Lair:6)
  Erolcha (D:11)
  4 merfolk avatars
  Erica (Lair:1)
  A centaur warrior (D:11)
  6 orc high priests (Orc:2)
  A merfolk aquamancer (Shoals:4)
  24 dancing weapons
  11 death yaks
  Urug (Lair:5)
  A shock serpent (Shoals:3)
  6 deep elf knights
  A soul eater (Orc:2)
  An unseen horror (D:10)
  A spark wasp zombie (WizLab)
  13 sea snakes
  An infernal demonspawn (Orc:2)
  3 torturous demonspawn (Orc:2)
  The ghost of Haldmier the Cudgeler, a novice OgWz of Ashenzari (D:6)
  A lindwurm (Lair:6)
  A wolf spider zombie (D:10)
  2 hill giants (D:12)
  A swamp dragon (D:12)
  A tengu zombie (WizLab)
  3 orc knights (Orc:2)
  10 harpies
  13 deep elf archers
  6 fauns
  61 deep elf magi
  3 orc sorcerers (Orc:2)
  An ugly thing (D:11)
  8 manticores
  A demonspawn zombie (WizLab)
  7 sirens
  5 cyclopes
  Psyche (D:8)
  3 black mambas
  10 water nymphs
  Joseph (D:8)
  An elephant (shapeshifter) (Elf:1)
  9 elephants
  5 torpor snails (Lair:6)
  A smoke demon (Orc:2)
  2 ice statues (IceCv)
  A gargoyle (D:11)
  An efreet (D:10)
  13 spiny frogs
  A komodo dragon (shapeshifter) (Elf:2)
  4 rime drakes
  6 komodo dragons
  An ice devil (Orc:2)
  3 trolls
  A troll (shapeshifter) (Elf:3)
  13 polar bears
  Prince Ribbit (D:7)
  18 merfolk
  6 hornets
  Grinder (D:3)
  3 tyrant leeches (Lair:6)
  6 wind drakes
  6 slime creatures
  An ice dragon zombie (WizLab)
  15 blink frogs
  19 dream sheep
  10 snapping turtles
  6 hippogriffs
  32 yaks
  A fire dragon zombie (WizLab)
  A vampire (D:11)
  2 air elementals (Elf:3)
  A spriggan (D:7)
  2 wraiths
  A shadow (D:11)
  3 wyverns
  A fire bat (Lair:6)
  Eustachio (D:6)
  9 water elementals
  Grum (D:8)
  2 basilisks (Lair:6)
  2 steam dragons
  A warg (Orc:1)
  A hungry ghost (D:8)
  An ogre zombie (WizLab)
  A swamp worm (Shoals:3)
  A soldier ant (IceCv)
  A mottled dragon (Lair:6)
  9 water moccasins
  11 porcupines
  A swamp drake (Lair:6)
  3 ice beasts
  An eye of draining (D:12)
  31 orc warriors
  A hornet zombie (D:9)
  5 sky beasts
  3 phantoms
  7 centaurs
  13 ogres
  24 wolves
  A boggart (shapeshifter) (IceCv)
  15 crocodiles
  2 big kobolds
  A yaktaur zombie (WizLab)
  13 bullfrogs
  An earth elemental (Elf:1)
  2 wyvern zombies
  13 killer bees
  2 scorpions
  4 wights (D:10)
  3 howler monkeys (D:9)
  3 electric eels
  6 crimson imps
  The ghost of Sonor the Caller, a weakling DESu (D:3)
  6 jellies
  A quasit (D:5)
  10 hounds
  A wyvern simulacrum (D:12)
  Crazy Yiuf (D:7)
  2 centaur skeletons
  28 orc priests
  15 orc wizards
  A bullfrog skeleton (D:11)
  5 iguanas
  7 worker ants
  2 killer bee zombies
  A hound skeleton (D:7)
  A worker ant zombie (D:5)
  16 adders
  3 shadow imps
  An ufetubus (D:12)
  2 oozes
  An adder zombie (D:7)
  3 worms
  2 dart slugs
  4 leopard geckos
  70 orcs
  7 giant cockroaches
  4 goblins
  10 hobgoblins
  6 jackals
  10 kobolds
  5 quokkas
  2 ball pythons
  5 bats
  2 frilled lizards
  6 rats
  A bush (Lair:2)
  A crawling corpse (Elf:1)
  2 fungi
  3 plants (Lair:6)
893 creatures vanquished.

Vanquished Creatures (collateral kills)
  A merfolk javelineer (Shoals:4)
  A merfolk impaler (Shoals:1)
  A catoblepas (Lair:5)
  A death yak (Lair:5)
  An orc high priest (Orc:2)
  2 sea snakes (Shoals:4)
  An orc knight (Orc:1)
  2 deep elf magi (Elf:2)
  An orc sorcerer (Orc:2)
  4 manticores
  An elephant (shapeshifter) (Elf:2)
  A siren (Shoals:4)
  A torpor snail (Lair:6)
  A water nymph (Shoals:2)
  2 rime drakes (Lair:5)
  3 komodo dragons
  5 merfolk
  2 hornets (Lair:6)
  A tyrant leech (Lair:6)
  9 dream sheep
  A water elemental (Shoals:4)
  2 basilisks (Lair:6)
  2 yaks (Lair:3)
  A water moccasin (Lair:5)
  An orc warrior (Orc:1)
  A swamp drake (Lair:6)
  A crocodile (Lair:6)
  A big kobold (D:9)
  4 killer bees (D:9)
  2 orc priests
  7 orcs
  5 kobolds (D:9)
  2 fungi (Lair:6)
  3 plants
74 creatures vanquished.

Vanquished Creatures (others)
  Mara (Shoals:3)
  A deep elf blademaster (Elf:3)
  A deep elf elementalist (Elf:3)
  A dancing weapon (Elf:3)
  A deep elf knight (Elf:2)
  3 deep elf magi
  2 sirens (Shoals:4)
  A rime drake (Lair:4)
  A dream sheep (Lair:6)
  A warg (Orc:1)
  6 orc warriors
  A boggart (IceCv)
  2 killer bees (D:12)
  An electric eel (Lair:5)
  A crimson imp (D:9)
  A quasit (D:7)
  A jelly (Lair:6)
  An orc priest (Orc:1)
  An orc wizard (Orc:1)
  A worker ant (D:12)
  An adder (D:2)
  2 ball lightnings
  7 orcs
  2 bushes (Lair:2)
  A fungus (Lair:6)
  7 plants
49 creatures vanquished.

Grand Total: 1016 creatures vanquished

Notes
Turn   | Place    | Note
-------+----------+-------------------------------------------
     0 | D:1      | Inarius the Minotaur Fighter began the quest for the Orb.
     0 | D:1      | Reached XP level 1. HP: 19/19 MP: 0/0
   295 | D:1      | Reached XP level 2. HP: 25/27 MP: 1/1
   858 | D:2      | Reached XP level 3. HP: 33/33 MP: 2/2
  1152 | D:2      | Found a glowing golden altar of the Shining One.
  1155 | D:2      | Noticed an angel
  1189 | D:2      | Found a basalt altar of Yredelemnul.
  1192 | D:2      | Noticed a profane servitor
  1295 | D:2      | Reached XP level 4. HP: 40/40 MP: 3/3
  1405 | D:2      | Found a sparkling altar of Nemelex Xobeh.
  1469 | D:2      | Became a worshipper of Nemelex Xobeh the Trickster
  1545 | D:2      | Received a gift from Nemelex Xobeh
  1827 | D:3      | Reached XP level 5. HP: 45/47 MP: 4/4
  1849 | D:3      | Noticed Sonor's ghost (weakling DESu)
  1858 | D:3      | Killed Sonor's ghost
  2029 | D:3      | Noticed Grinder
  2058 | D:3      | Paralysed by Grinder for 4 turns
  2069 | D:3      | Paralysed by Grinder for 6 turns
  2080 | D:3      | Killed Grinder
  2080 | D:3      | Reached skill level 5 in Axes
  2080 | D:3      | Reached skill level 5 in Shields
  2080 | D:3      | Reached XP level 6. HP: 18/53 MP: 5/5
  2233 | D:3      | Received a gift from Nemelex Xobeh
  2467 | D:3      | Reached * piety under Nemelex Xobeh
  2713 | D:3      | Found a burning altar of Makhleb.
  3064 | D:4      | Reached XP level 7. HP: 56/60 MP: 6/6
  3355 | D:4      | Found a deep blue altar of Sif Muna.
  3676 | D:4      | Reached skill level 5 in Fighting
  3741 | D:5      | Entered Level 5 of the Dungeon
  3741 | D:5      | Found Citos's Weapon Emporium.
  3790 | D:5      | Found Udappupt's General Store.
  3814 | D:5      | Reached skill level 5 in Armour
  3903 | D:5      | Found Dumem's General Store.
  4055 | D:5      | Reached skill level 1 in Stealth
  4073 | D:5      | Reached XP level 8. HP: 53/69 MP: 7/7
  4078 | D:5      | Gained mutation: You are partially covered in thin metallic scales. (AC +2) [mutagenic meat]
  4079 | D:5      | Gained mutation: Your body sometimes deteriorates upon taking damage. [mutagenic meat]
  4080 | D:5      | Gained mutation: You are frail. (-10% HP) [mutagenic meat]
  4081 | D:5      | Gained mutation: Your magical capacity is low. (-10% MP) [mutagenic meat]
  4082 | D:5      | Gained mutation: You are resistant to hostile enchantments. (MR+) [mutagenic meat]
  4263 | D:5      | Found Toriff's Magic Scroll Shoppe.
  4266 | D:5      | Bought a scroll of enchant armour for 75 gold pieces
  4266 | D:5      | Bought a scroll of enchant armour for 75 gold pieces
  4391 | D:5      | Found a staircase to the Ecumenical Temple.
  4549 | D:6      | Reached ** piety under Nemelex Xobeh
  4549 | D:6      | Received a gift from Nemelex Xobeh
  4598 | D:6      | Noticed Eustachio
  4599 | D:6      | Noticed Haldmier's ghost (novice OgWz)
  4682 | D:6      | Killed Eustachio
  4691 | D:6      | Killed Haldmier's ghost
  4691 | D:6      | Reached skill level 1 in Dodging
  4751 | D:6      | Found Awidgh's Book Shop.
  4862 | D:6      | Found an opulent altar of Gozag.
  4957 | D:6      | Lost mutation: Your body sometimes deteriorates upon taking damage. [potion of cure mutation]
  4957 | D:6      | Lost mutation: You are frail. (-10% HP) [potion of cure mutation]
  4957 | D:6      | Lost mutation: You are resistant to hostile enchantments. (MR+) [potion of cure mutation]
  4957 | D:6      | Lost mutation: Your magical capacity is low. (-10% MP) [potion of cure mutation]
  5267 | D:6      | Reached XP level 9. HP: 17/75 MP: 8/8
  5485 | D:7      | Reached skill level 10 in Axes
  5544 | D:7      | Found a sparkling altar of Nemelex Xobeh.
  5575 | D:7      | Noticed Prince Ribbit
  5591 | D:7      | Killed Prince Ribbit
  6059 | D:7      | Got a translucent short sword {pierce}
  6061 | D:7      | Identified the cursed +3 short sword of the Dove {pierce, Int+4} (You took it off an orc on level 7 of the Dungeon)
  6301 | D:7      | Found a runed door.
  6305 | D:7      | Noticed Crazy Yiuf
  6308 | D:7      | Killed Crazy Yiuf
  6410 | D:8      | Received a gift from Nemelex Xobeh
  6422 | D:8      | Noticed Joseph
  6425 | D:8      | Found a shadowy altar of Dithmenos.
  6440 | D:8      | Reached skill level 1 in Invocations
  6461 | D:8      | Killed Joseph
  6500 | D:8      | Noticed Grum
  6518 | D:8      | Reached skill level 1 in Short Blades
  6518 | D:8      | Reached XP level 10. HP: 74/86 MP: 10/10
  6525 | D:8      | Killed Grum
  6588 | D:8      | Noticed Psyche
  6593 | D:8      | Paralysed by Psyche for 3 turns
  6601 | D:8      | Killed Psyche
  6644 | D:8      | Found a bloodstained altar of Trog.
  6708 | D:8      | Reached *** piety under Nemelex Xobeh
  6765 | D:8      | Found Viagal's Gadget Shop.
  6987 | D:8      | Found a sacrificial altar of Ru.
  7408 | D:9      | Learned a level 2 spell: Blink
  7411 | D:9      | Learned a level 2 spell: Repel Missiles
  7513 | D:9      | Found Econa's Antique Weapon Boutique.
  7553 | D:9      | Received a gift from Nemelex Xobeh
  7960 | D:9      | Found a white marble altar of Elyvilon.
  7994 | D:10     | Entered Level 10 of the Dungeon
  7994 | D:10     | Reached **** piety under Nemelex Xobeh
  8245 | D:10     | Killed an unseen horror
  8363 | D:10     | Reached skill level 5 in Short Blades
  8369 | D:10     | Reached XP level 11. HP: 40/95 MP: 13/13
  8497 | D:10     | Found Moyfro's Antique Armour Shop.
  8547 | D:10     | Found Cunt's Assorted Antiques.
  8560 | D:10     | Bought a scroll of identify for 60 gold pieces
  8594 | D:10     | Reached skill level 1 in Long Blades
  8674 | D:10     | Found Vaugisid's Armour Emporium.
  8808 | D:10     | Received a gift from Nemelex Xobeh
  8901 | D:10     | Found Vahay's Armour Shoppe.
  9068 | D:10     | Found an ancient bone altar of Kikubaaqudgha.
  9114 | D:11     | Noticed Erolcha
  9118 | D:11     | Killed Erolcha
  9118 | D:11     | Reached skill level 10 in Armour
  9118 | D:11     | Reached skill level 5 in Invocations
  9262 | D:11     | Noticed a centaur warrior
  9272 | D:11     | Killed a centaur warrior
  9309 | D:11     | Reached ***** piety under Nemelex Xobeh
  9309 | D:11     | Received a gift from Nemelex Xobeh
  9435 | D:11     | Found a staircase to the Lair.
  9478 | D:11     | Reached skill level 5 in Long Blades
  9565 | D:11     | Noticed Azzok's ghost (journeyman MiBe)
  9586 | D:11     | Killed Azzok's ghost
  9704 | D:11     | Reached skill level 10 in Shields
  9718 | D:11     | Gained mutation: Your mind is acute. (Int +2) [mutagenic meat]
  9719 | D:11     | Gained mutation: Your flesh is cold resistant. (rC+) [mutagenic meat]
  9720 | D:11     | Gained mutation: You regenerate slowly when monsters are visible. [mutagenic meat]
  9722 | D:11     | Gained mutation: Your magical capacity is low. (-10% MP) [mutagenic meat]
  9723 | D:11     | Gained mutation: You tend to lose your temper in combat. [mutagenic meat]
  9726 | D:11     | Noticed a red ugly thing
  9732 | D:11     | Killed a red ugly thing
  9739 | D:11     | Gained mutation: You expend magic power (3 MP) to strengthen your wands. [mutagenic meat]
  9792 | D:11     | Noticed a four-headed hydra
 10220 | D:12     | Noticed a death yak
 10234 | D:12     | Killed a death yak
 10256 | D:12     | Noticed a hill giant
 10264 | D:12     | Killed a hill giant
 10264 | D:12     | Reached XP level 12. HP: 90/104 MP: 14/14
 10399 | D:12     | Found a frozen archway.
 10407 | IceCv    | Entered an ice cave
 10412 | IceCv    | Noticed a frost giant
 10881 | IceCv    | Noticed a frost giant
 10897 | IceCv    | Killed a frost giant
 10897 | IceCv    | Reached skill level 10 in Fighting
 11027 | IceCv    | Received a gift from Nemelex Xobeh
 11453 | D:11     | Reached skill level 10 in Long Blades
 11998 | Lair:1   | Entered Level 1 of the Lair of Beasts
 12146 | Lair:1   | Noticed Erica
 12165 | Lair:1   | Killed Erica
 12288 | Lair:1   | Noticed a six-headed hydra
 12299 | Lair:1   | Killed a three-headed hydra
 12454 | Lair:1   | Reached XP level 13. HP: 113/113 MP: 16/16
 12614 | Lair:1   | Received a gift from Nemelex Xobeh
 12770 | Lair:2   | Found a staircase to the Snake Pit.
 12801 | Lair:2   | Gained mutation: You are partially covered in icy blue scales. (AC +2) [potion of beneficial mutation]
 12802 | Lair:2   | Gained mutation: Your movements are slightly less encumbered by armour. (ER -2) [potion of beneficial mutation]
 13080 | Lair:2   | Noticed Gastronok
 13084 | Lair:2   | Noticed Gastronok
 13084 | Lair:2   | Gastronok changed into Gastronok the juggernaut
 13105 | Lair:2   | Killed Gastronok the juggernaut
 13316 | Lair:2   | Received a gift from Nemelex Xobeh
 13674 | Lair:3   | Received a gift from Nemelex Xobeh
 13896 | Lair:3   | Received a gift from Nemelex Xobeh
 14166 | Lair:3   | Reached ****** piety under Nemelex Xobeh
 14713 | Lair:4   | Found a staircase to the Shoals.
 14749 | Lair:4   | Received a gift from Nemelex Xobeh
 14844 | Lair:4   | Noticed Rupert
 14850 | Lair:4   | Paralysed by Rupert for 4 turns
 14858 | Lair:4   | Killed Rupert
 15048 | Lair:4   | Reached XP level 14. HP: 124/124 MP: 18/18
 15067 | Lair:4   | Received a gift from Nemelex Xobeh
 15121 | Lair:4   | Noticed Nessos
 15134 | Lair:4   | Killed Nessos
 15134 | Lair:4   | Reached skill level 10 in Invocations
 15447 | Lair:4   | Received a gift from Nemelex Xobeh
 16132 | Lair:5   | Noticed Urug
 16139 | Lair:5   | Killed Urug
 16154 | Lair:5   | Got a faintly humming leather armour
 16166 | Lair:5   | Identified the cursed +1 leather armour of Cumoomeu {Str+6 Int+3 Stlth+} (You found it on level 5 of the Lair of Beasts)
 16633 | Lair:5   | Received a gift from Nemelex Xobeh
 17314 | Lair:6   | Entered Level 6 of the Lair of Beasts
 17557 | Lair:6   | Received a gift from Nemelex Xobeh
 17577 | Lair:6   | Found a staircase to the Slime Pits.
 18025 | Lair:6   | Received a gift from Nemelex Xobeh
 18101 | Lair:6   | Got a pair of twisted gloves
 18112 | Lair:6   | Found a runed door.
 18621 | Lair:6   | Received a gift from Nemelex Xobeh
 18791 | Lair:6   | Reached XP level 15. HP: 117/134 MP: 20/20
 18889 | Lair:6   | Identified the cursed -5 pair of gloves of Vaqut {rElec rF- Dex+4} (You found it on level 6 of the Lair of Beasts)
 19119 | D:12     | Found a staircase to the Orcish Mines.
 19179 | D:12     | Found a roughly hewn altar of Beogh.
 19182 | Orc:1    | Entered Level 1 of the Orcish Mines
 19385 | Orc:1    | Received a gift from Nemelex Xobeh
 19667 | Orc:2    | Entered Level 2 of the Orcish Mines
 19669 | Orc:2    | Found Buakhlih's Magic Scroll Shoppe.
 19682 | Orc:2    | Bought a scroll of magic mapping for 52 gold pieces
 19682 | Orc:2    | Bought a scroll of enchant weapon for 112 gold pieces
 19682 | Orc:2    | Bought a scroll of identify for 30 gold pieces
 19682 | Orc:2    | Bought a scroll of enchant armour for 112 gold pieces
 19682 | Orc:2    | Bought a scroll of enchant armour for 112 gold pieces
 19776 | Orc:2    | Found a roughly hewn altar of Beogh.
 20033 | Orc:2    | Found a staircase to the Elven Halls.
 20206 | Orc:2    | Found Ryassyhi's Distillery.
 20230 | Orc:2    | Found Qeis's General Store.
 20333 | Orc:2    | Bought a potion of mutation for 27 gold pieces
 20333 | Orc:2    | Lost mutation: Your magical capacity is low. (-10% MP) [potion of mutation]
 20958 | Orc:2    | Found Ifuleirph's Gadget Boutique.
 20958 | Orc:2    | Found Urel's Antique Weapon Shop.
 20958 | Orc:2    | Found a one-way gate leading to the halls of Pandemonium.
 21087 | Orc:2    | Found Fitax's Antique Weapon Shop.
 21254 | Orc:2    | Received a gift from Nemelex Xobeh
 21691 | Shoals:1 | Entered Level 1 of the Shoals
 21691 | Shoals:1 | Noticed Frances
 21827 | Shoals:1 | Killed Frances
 22035 | Shoals:1 | Received a gift from Nemelex Xobeh
 22601 | Shoals:1 | Received a gift from Nemelex Xobeh
 22713 | Shoals:1 | Reached skill level 15 in Long Blades
 23150 | Shoals:2 | Got a pitted ivory ring
 23184 | Shoals:2 | Identified the ring "Gainomuy" {*Tele rElec rPois MR+ Stlth-} (You found it on level 2 of the Shoals)
 23366 | Shoals:2 | Received a gift from Nemelex Xobeh
 23423 | Shoals:2 | Got a wavering marble ring
 23427 | Shoals:2 | Identified the cursed ring of Potteb {MR+ EV-5 Dex+5 Stlth+} (You found it on level 2 of the Shoals)
 23782 | Shoals:2 | Reached XP level 16. HP: 70/145 MP: 24/24
 23999 | Shoals:2 | Received a gift from Nemelex Xobeh
 24217 | Shoals:3 | Found Vompogre's Food Emporium.
 24518 | Shoals:3 | Received a gift from Nemelex Xobeh
 24523 | Shoals:3 | Noticed Mara
 24527 | Shoals:3 | Noticed Inarius's illusion
 24537 | Shoals:3 | Killed Mara
 24571 | Shoals:3 | Found Cuaj's Assorted Antiques.
 24574 | Shoals:3 | Bought a scroll of identify for 42 gold pieces
 24575 | Shoals:3 | Identified a scroll of acquirement
 24580 | Shoals:3 | Got a pair of heavily runed gloves
 24591 | Shoals:3 | Identified the +0 pair of gloves of Serendipity {rC+} (You acquired it on level 3 of the Shoals)
 24769 | Shoals:4 | Entered Level 4 of the Shoals
 24970 | Shoals:4 | Found Gaucrip's Antique Weapon Shoppe.
 24984 | Shoals:4 | Reached skill level 1 in Maces & Flails
 25096 | Shoals:4 | Gained mutation: You are resistant to hostile enchantments. (MR+) [potion of beneficial mutation]
 25097 | Shoals:4 | Gained mutation: You are highly resistant to hostile enchantments. (MR++) [potion of beneficial mutation]
 25259 | Shoals:4 | Noticed Ilsuiw
 25593 | Shoals:4 | Killed Ilsuiw
 25683 | Shoals:4 | Reached skill level 5 in Maces & Flails
 25695 | Shoals:4 | Received a gift from Nemelex Xobeh
 26531 | Shoals:4 | Got a barnacled rune of Zot
 26777 | Shoals:4 | Received a gift from Nemelex Xobeh
 27372 | Shoals:4 | Got a pair of warped boots
 27378 | Shoals:4 | Identified the cursed -1 pair of boots of Elyvilon's Fury {Int+3} (You found it on level 4 of the Shoals)
 27870 | Elf:1    | Entered Level 1 of the Elven Halls
 27986 | Elf:1    | Reached skill level 15 in Armour
 28471 | Elf:1    | Reached XP level 17. HP: 109/154 MP: 25/25
 28693 | Elf:1    | Reached skill level 15 in Fighting
 29076 | Elf:1    | Received a gift from Nemelex Xobeh
 29334 | Elf:1    | Reached skill level 15 in Shields
 29403 | Elf:2    | Noticed Roxanne
 29528 | Elf:2    | Killed Roxanne
 29529 | Elf:2    | Identified Roxanne's Compendium of Stones (You took it off Roxanne on level 2 of the Elven Halls)
 29660 | Elf:2    | Noticed a Hell Sentinel
 29907 | Elf:2    | Found a huge runed gate.
 29907 | Elf:2    | Found a huge runed gate.
 29907 | Elf:2    | Found a huge runed gate.
 29907 | Elf:2    | Found a huge runed gate.
 29907 | Elf:2    | Found a huge runed gate.
 31367 | Elf:2    | Received a gift from Nemelex Xobeh
 32023 | Elf:3    | Entered Level 3 of the Elven Halls
 32041 | Elf:3    | Received a gift from Nemelex Xobeh
 32101 | Elf:3    | Found a magical portal.
 32215 | WizLab   | Entered Doroklohe's Tomb
 32334 | WizLab   | Received a gift from Nemelex Xobeh
 32522 | WizLab   | Noticed an ancient lich
 32535 | WizLab   | Noticed a Brimstone Fiend
 32546 | WizLab   | Noticed a Hell Sentinel
 32560 | Elf:3    | HP: 1/158 [ancient lich/iron shot (60)]
 32563 | Elf:3    | Killed an ancient lich
 32563 | Elf:3    | Reached XP level 18. HP: 2/168 MP: 25/27
 33385 | Elf:3    | Received a gift from Nemelex Xobeh
 33489 | Elf:3    | HP: 1/168 [deep elf sorcerer/damnation (30)]
 33492 | Elf:3    | Shot with an arrow by a deep elf master archer

Skill      XL: |  1  2  3  4  5  6  7  8  9 10 11 12 13 14 15 16 17 18 |
---------------+-------------------------------------------------------+-----
Armour         | 4 5 7 8 9 10 11 12 13 14 15 16 | 16.0
Fighting       | 4 5 6 7 8 9 10 11 12 13 14 16 | 16.5
Axes           | 3 5 6 8 9 11 | 11.3
Shields        | 4 5 6 7 8 9 10 11 12 13 14 15 16 | 16.0
Stealth        | 1 2 |  2.2
Dodging        | 1 2 3 4 |  4.8
Invocations    | 2 4 6 8 9 11 12 13 | 13.9
Short Blades   | 1 5 |  5.2
Long Blades    | 7 10 12 14 15 16 | 16.5
Maces & Flails | 6 |  6.9

Action                   |  1- 3 |  4- 6 |  7- 9 | 10-12 | 13-15 | 16-18 || total
-------------------------+-------+-------+-------+-------+-------+-------++-------
Melee: War axe           |    80 |   132 |   248 |       |       |       ||   460
       Headbutt          |    11 |    25 |    71 |   198 |   295 |   280 ||   880
       Short sword       |       |       |    60 |   250 |       |       ||   310
       Scimitar          |       |       |       |   383 |  1011 |   728 ||  2122
       Demon whip        |       |       |       |       |       |   295 ||   295
Evoke: Deck              |       |       |       |    11 |    82 |    46 ||   139
       Wand              |       |       |       |       |       |     1 ||     1
  Use: Scroll            |     1 |     5 |    15 |    12 |    15 |     7 ||    55
       Potion            |       |     1 |     6 |     3 |     9 |    19 ||    38
 Stab: Petrified         |       |       |       |       |     2 |     2 ||     4
  Eat: Chunk             |     1 |     5 |    17 |    28 |    30 |    18 ||    99
       Beef jerky        |       |     1 |       |       |     2 |     4 ||     7
       Pizza             |       |       |     1 |       |     3 |     2 ||     6
       Royal jelly       |       |       |       |     1 |       |       ||     1
       Meat ration       |       |       |       |       |       |     1 ||     1
Armor: Scale mail        |     4 |       |       |       |       |       ||     4
       Ring mail         |     3 |       |       |       |       |       ||     3
       Chain mail        |    28 |       |       |       |       |       ||    28
       Plate armour      |     3 |    73 |   198 |   595 |   464 |   563 ||  1896
Dodge: Dodged            |    19 |    23 |    83 |   251 |   291 |   306 ||   973
Block: Shield            |    41 |    54 |       |       |       |       ||    95
       Buckler           |       |     8 |   120 |   352 |   377 |   383 ||  1240
       Rpst.: Scimitar   |       |       |       |    34 |    77 |    52 ||   163
